 Dungeon Crawl Stone Soup version 0.31-a0-940-gdaa99269f9 (webtiles) character file.

Game seed: 13451964327623419988

58 Persephone the Ruffian (level 3, 0/33 HPs)
             Began as a Troll Shapeshifter on Oct 20, 2023.
             Was an Initiate of Ashenzari.
             Slain by an orc wizard
             ... wielding a +0 dagger
              (1 damage)
             ... on level 3 of the Dungeon.
             The game lasted 00:03:23 (1632 turns).

Persephone the Ruffian (Troll Shapeshifter)         Turns: 1632, Time: 00:03:23

Health: 0/33       AC:  2    Str: 24    XL:     3   Next: 76%
Magic:  2/2        EV:  9    Int:  6    God:    Ashenzari [......]
Gold:   223        SH:  0    Dex:  9    Spells: 2/2 levels left

rFire   . .          .
                       - Unarmed
rCold   . . .        (no shield)
rNeg    . . .        (body armour restricted)
rPois   .            (helmet currently unavailable)
rElec   .            (cloak currently unavailable)
rCorr   .            (gloves unavailable)
SInv    .            (boots unavailable)
Will    .....        (no amulet)
Stlth   +            (no ring)
HPRegen 1.05/turn    (no ring)
MPRegen 0.08/turn

%: no passive effects
@: beast-form
A: beast (slay +1), large, unfitting armour, claws 3, regeneration 1, shaggy fur
1, tough skin 1
a: Begin Untransformation, Renounce Religion, Curse Item


You were on level 3 of the Dungeon.
You worshipped Ashenzari.
Ashenzari was noncommittal.
You were a hulking beast.
You visited 1 branch of the dungeon, and saw 3 of its levels.

You collected 223 gold pieces.

Inventory:

Missiles
 e - 4 javelins (quivered)
Talismans
 c - a beast talisman (active)
 d - a flux talisman
Scrolls
 a - a scroll of fog {unknown}
 f - 2 scrolls of identify {unknown}
 g - a scroll of enchant armour {unknown}
 i - a scroll of summoning {unknown}
 j - a scroll of brand weapon {unknown}
 m - a scroll of teleportation {unknown}
Potions
 b - 2 potions of lignification
 h - 2 potions of curing
 k - 2 potions of berserk rage {unknown}
 l - a potion of heal wounds {unknown}
 n - a potion of brilliance {unknown}


   Skills:
 + Level 1.5 Fighting
 - Level 1.6 Dodging
 * Level 3.9 Unarmed Combat
 + Level 3.4 Shapeshifting


You had 2 spell levels left.
You didn't know any spells.
Your spell library contained the following spells:

 Spells                   Type           Power      Damage    Failure   Level
 Stone Arrow              Conj/Erth      0%         3d7       83%         3
 Animate Armour           Summ/Erth      0%         N/A       99%         4
 Lehudib's Crystal Spear  Conj/Erth      0%         10d2      100%        8


Dungeon Overview and Level Annotations

Branches:
Dungeon (3/15)

Altars:
Ashenzari
Trog


Innate Abilities, Weirdness & Mutations

You are a hulking beast.
Your limbs bulge with bestial killing power. (Slay +1)
You are too large for most types of armour.
You have claws for hands.
Your natural rate of healing is unusually fast.
You are covered in fur. (AC +1)
You have tough skin. (AC +1)


Message History

You miss the orc. Your claw misses the orc. The bat closely misses you.
The bat hits you but does no damage. The orc barely misses you.
Something hits you. The orc barely misses you.
The bat hits you but does no damage. The orc hits you with a +0 club.
You miss the orc. The orc hits you but does no damage.
The orc closely misses you. Something hits you.
You scratch the orc. Your claw misses the orc.
The orc is heavily wounded.
The bat hits you. The bat barely misses you. The orc hits you with a +0 club.
The orc closely misses you. Something hits you.
You closely miss the orc.
The orc is heavily wounded.
You feel less confused. The bat hits you but does no damage.
The orc hits you but does no damage. The orc closely misses you.
You hear some strange, mumbled words.
A magic dart appears from out of thin air!
The magic dart hits you!
You claw the orc!
You kill the orc!
The orc hits you with a +0 club. Something hits you but does no damage.
The bat hits you but does no damage. The bat hits you.
The bat closely misses you. The orc hits you with a +0 club.
You hear some strange, mumbled words.
A puff of flame appears from out of thin air!
The puff of flame hits you!
* * * LOW HITPOINT WARNING * * *
Things that are here:
a +0 mace; an orc corpse It was a potion of curing.
You feel better. The bat hits you but does no damage.
The orc hits you with a +0 club.
* * * LOW HITPOINT WARNING * * *
Something hits you.
* * * LOW HITPOINT WARNING * * *
You miss something. The bat hits you.
* * * LOW HITPOINT WARNING * * *
The orc hits you with a +0 club.
* * * LOW HITPOINT WARNING * * *
Something hits you.
You die...

#...............#
.
##.............##
. ##..).>#..)..##
. ####.######## .
#.# . .#.
######.#### .
....#.........# .
#.....b......# .
###..{ho.....# .
##.........# .
#..........#
#..##....#### #.#
#...... #.
#....... #
#........
#########


You could see an orc and a bat.

Vanquished Creatures
  An adder (D:2)
  A worm (D:3)
  2 orcs (D:3)
  A ball python (D:1)
  3 endoplasms
  6 goblins
  5 hobgoblins
  4 quokkas
  5 bats
  4 frilled lizards
  8 kobolds
  5 rats
45 creatures vanquished.

Notes
Turn   | Place    | Note
-------+----------+-------------------------------------------
     0 | D:1      | Persephone the Troll Shapeshifter began the quest for the
                  | Orb.
     0 | D:1      | Reached XP level 1. HP: 18/18 MP: 0/0
   121 | D:1      | Reached skill level 1 in Fighting
   193 | D:1      | Reached XP level 2. HP: 27/27 MP: 1/1
   231 | D:1      | Found a faded altar of an unknown god.
   258 | D:1      | Prayed at the altar of an unknown god.
   258 | D:1      | Became a worshipper of Ashenzari the Shackled
   869 | D:2      | Reached XP level 3. HP: 33/33 MP: 2/2
  1558 | D:3      | Found a bloodstained altar of Trog.
  1630 | D:3      | HP: 1/33 [something/puff of flame (9)]
  1632 | D:3      | Slain by an orc wizard

Illustrated notes

Levels and vault maps discovered:
D:1:      saegor_arrival_simple_a, layout_loops_ring,
          shapermc_ecumenical_altar_mp_vishouse
D:2:      layout_basic, chequers_garden, chequers_mini_garden,
          nicolae_concentric_dashed_squares_mild,
          hangedman_abyss_or_decor_lesser_grid
D:3:      layout_rooms, lemuel_tele_altar

Skill      XL: |  1 |
---------------+----+-----
Fighting       | 1 |  1.5
Dodging        | |  1.6
Unarmed Combat | |  3.9
Shapeshifting  | |  3.4

Action                     || total
---------------------------++-------
  Melee: Unarmed           ||    78
  Throw: Javelin           ||     6
 Invoke: Curse Item        ||     1
         Shatter the Chain ||     1
    Use: Potion            ||     1
 Armour: Animal skin       ||    28
         Skin              ||    42
  Dodge: Dodged            ||    35

Table legend: (Time is in decaauts)
 A = Elapsed time spent in this place.
 B = Non-inter-level travel time spent in this place.
 C = Inter-level travel time spent in this place.
 D = Time resting spent in this place.
 E = Time spent auto-exploring this place.
 F = Levels seen in this place.
 G = Mean time per level.
                   A        B        C        D        E       F      G
               +--------+--------+--------+--------+--------+-----+--------+
         Total |   1630 |   1553 |     77 |      0 |   1303 |   3 |  543.3 |
       Dungeon |   1630 |   1553 |     77 |      0 |   1303 |   3 |  543.3 |
               +--------+--------+--------+--------+--------+-----+--------+

Top non-repeatable levels by time:
     D:2: 786 daAuts
     D:1: 646 daAuts
     D:3: 197 daAuts
